 Dungeon Crawl Stone Soup version 0.28.0-45-g0d030f2227 (webtiles) character file.

Game seed: 7194639231247787143

1138 DearestLeader the Shield-Bearer (level 8, -2/67 HPs)
             Began as a Gnoll Fighter on Apr 4, 2022.
             Slain by a killer bee (4 damage)
             ... on level 8 of the Dungeon.
             The game lasted 00:08:12 (4524 turns).

DearestLeader the Shield-Bearer (Gnoll Fighter)     Turns: 4524, Time: 00:08:13

Health: -2/67      AC: 11    Str: 17    XL:     8   Next: 37%
Magic:  12/12      EV: 10    Int: 13    God:
Gold:   229        SH:  5    Dex:  8    Spells: 13/13 levels left

rFire   + + .      SeeInvis .   r - +3 trident (vorpal)
rCold   + . .      Faith    .   c - +0 buckler
rNeg    + + .      Spirit   .   n - +2 scale mail {rF+}
rPois   +          Reflect  .   (no helmet)
rElec   +          Harm     .   (no cloak)
rCorr   +          Rampage  .   s - +0 pair of gloves
Will    +....                   (no boots)
Stlth   +.........              d - amulet of regeneration
HPRegen 1.01/turn               l - ring of poison resistance
MPRegen 0.13/turn               i - ring of Samit {rElec rN++ Will+ Int+6 Dex-5}

@: brilliant, resistant, attractive
A: fangs 1, strong nose, distributed training
a: no special abilities


You were on level 8 of the Dungeon.
You visited 1 branch of the dungeon, and saw 6 of its levels.

You collected 229 gold pieces.

Inventory:

Hand Weapons
 a - a +0 war axe
 r - a +3 vorpal trident (weapon)
Missiles
 e - 12 poisoned darts
 x - 5 silver javelins (quivered)
Armour
 c - a +0 buckler (worn)
 k - an orb of mayhem
 n - a +2 scale mail of fire resistance (worn)
 s - a +0 pair of gloves (worn)
Jewellery
 b - a ring of flight
 d - an amulet of regeneration (around neck)
 i - the ring of Samit (right hand) {rElec rN++ Will+ Int+6 Dex-5}
   (You acquired it on level 8 of the Dungeon)

   [ring of intelligence]

   Int:       It affects your intelligence (+6).
   Dex:       It affects your dexterity (-5).
   rElec:     It insulates you from electricity.
   rN:        It greatly protects you from negative energy.
   Will:      It increases your willpower.
 l - a ring of poison resistance (left hand)
Wands
 o - a wand of acid (13)
 q - a wand of flame (13)
 w - a wand of polymorph (10)
Scrolls
 t - 2 scrolls of fog


   Skills:
 + Level 7.3 Fighting
 + Level 3.2 Short Blades
 + Level 3.2 Long Blades
 + Level 5.6 Axes
 + Level 3.2 Maces & Flails
 + Level 3.2 Polearms
 + Level 3.2 Staves
 + Level 3.2 Slings
 + Level 3.2 Bows
 + Level 3.2 Crossbows
 + Level 3.2 Throwing
 + Level 7.3 Armour
 + Level 3.2 Dodging
 + Level 3.2 Stealth
 + Level 7.3 Shields
 + Level 3.2 Unarmed Combat
 + Level 3.2 Spellcasting
 + Level 2.6 Conjurations
 + Level 2.6 Hexes
 + Level 2.6 Summonings
 + Level 2.6 Necromancy
 + Level 2.6 Translocations
 + Level 2.6 Transmutations
 + Level 2.6 Fire Magic
 + Level 2.6 Ice Magic
 + Level 2.6 Air Magic
 + Level 2.6 Earth Magic
 + Level 2.6 Poison Magic
 + Level 3.5 Invocations
 + Level 3.2 Evocations


You had 13 spell levels left.
You didn't know any spells.
Your spell library contained the following spells:

 Spells                   Type           Power      Damage    Failure   Level
 Animate Skeleton         Necr           26%        N/A       28%         1
 Apportation              Tloc           26%        N/A       28%         1
 Slow                     Hex            52%        N/A       28%         1
 Summon Small Mammal      Summ           52%        N/A       28%         1
 Ensorcelled Hibernation  Hex/Ice        26%        N/A       38%         2
 Passwall                 Tmut/Erth      10%        N/A       38%         2
 Confusing Touch          Hex            13%        N/A       63%         3
 Swiftness                Air            13%        N/A       63%         3
 Vampiric Draining        Necr           13%        2d6       63%         3
 Animate Armour           Summ/Erth      26%        N/A       95%         4
 Blade Hands              Tmut           6%         N/A       100%        5
 Iron Shot                Conj/Erth      6%         9d2       100%        6


Dungeon Overview and Level Annotations

Branches:
Dungeon (5/15)
 Temple: D:4-7

Altars:
Gozag
Zin


Innate Abilities, Weirdness & Mutations

You have very sharp teeth.
Your uncanny sense of smell can sniff out nearby items.
Your experience applies equally to all skills.


Message History

The killer bee stings you but does no damage. x2
You closely miss the killer bee.
The killer bee is almost dead.
The killer bee stings you but does no damage. x2
The killer bee barely misses you.
You barely miss the killer bee. Your bite misses the killer bee.
The killer bee is almost dead.
The killer bee closely misses you.
The killer bee stings you but does no damage.
You hit the killer bee.
You kill the killer bee!
The killer bee stings you.
* * * LOW HITPOINT WARNING * * *
You are poisoned.
The killer bee poisons you!
You closely miss the killer bee.
You feel sick. The killer bee stings you.
* * * LOW HITPOINT WARNING * * *
The killer bee barely misses you.
You miss the killer bee. Your bite misses the killer bee.
You feel sick. The killer bee barely misses you. The killer bee stings you.
* * * LOW HITPOINT WARNING * * *
The killer bee stings you.
* * * LOW HITPOINT WARNING * * *
You hit the killer bee but do no damage.
You feel sick. The killer bee barely misses you. x2
You feel clever all of a sudden.
You feel sick.
The killer bee stings you but does no damage.
You block the killer bee's attack.
As you read the scroll of enchant weapon, it crumbles to dust.
Your +2 vorpal trident glows red for a moment.
You feel sick. The killer bee stings you.
* * * LOW HITPOINT WARNING * * *
The killer bee stings you but does no damage.
You closely miss the killer bee.
You feel sick.
You are no longer poisoned.
The killer bee stings you.
* * * LOW HITPOINT WARNING * * *
The killer bee stings you.
You die...

,****,###.##....yy§).# *,,,,,,,,*
,* #,#......#######.# *,******,*
,* #.#......# #.# *,* *,*
,*###.#......# #.###.### *,*
,,...........# #.......# *,*
**.>.........# #.##..#.# *,*
*,,#..(......# #)....#,* *,*
,,*##.###.##.#######.##.##,* *,*
*,,#.,* #.##....@yy..#*,#*,** *,*
**,.,** #.############*,*,,,***,*
***,****#[# *,,,,,,**,*
,,,,,,,,..#************,,,,,,,<,*
,,*,,,,,...,,,,,,,,,,,,,,,∆,,****
,,*,****###************,*,,,**
*,*,* *,**,** *,,,* *,**,* *,***
*,**,*


You could see 2 killer bees.

Vanquished Creatures
  A steam dragon (D:8)
  A water moccasin (D:5)
  A centaur (D:8)
  A bullfrog (D:8)
  A gnoll sergeant (D:4)
  A scorpion (D:5)
  A wyvern skeleton (D:5)
  3 killer bees (D:8)
  A hound (D:5)
  A centaur skeleton (D:4)
  Jessica (D:3)
  Terence (D:2)
  2 orc wizards
  Natasha (twice) (D:4)
  A scorpion zombie (D:5)
  7 gnolls
  5 adders
  An ufetubus (D:5)
  A worm (D:4)
  3 dart slugs
  19 orcs
  8 bats
  7 endoplasms
  2 giant cockroaches
  6 goblins
  5 hobgoblins
  4 jackals (D:3)
  5 quokkas
  3 ball pythons
  6 frilled lizards
  2 kobolds (D:3)
  5 rats
108 creatures vanquished.

Notes
Turn   | Place    | Note
-------+----------+-------------------------------------------
     0 | D:1      | DearestLeader the Gnoll Fighter began the quest for the
                  | Orb.
     0 | D:1      | Reached XP level 1. HP: 23/23 MP: 1/1
   191 | D:1      | Reached XP level 2. HP: 24/29 MP: 2/2
   254 | D:1      | Found a faded altar of an unknown god.
   813 | D:1      | Reached XP level 3. HP: 35/35 MP: 3/3
  1223 | D:2      | Noticed Terence
  1227 | D:2      | Reached skill level 1 in Invocations
  1235 | D:2      | Killed Terence
  1236 | D:2      | Reached skill level 1 in Short Blades
  1236 | D:2      | Reached skill level 1 in Long Blades
  1236 | D:2      | Reached skill level 1 in Maces & Flails
  1236 | D:2      | Reached skill level 1 in Polearms
  1236 | D:2      | Reached skill level 1 in Staves
  1236 | D:2      | Reached skill level 1 in Slings
  1236 | D:2      | Reached skill level 1 in Bows
  1236 | D:2      | Reached skill level 1 in Crossbows
  1236 | D:2      | Reached skill level 1 in Throwing
  1236 | D:2      | Reached skill level 1 in Dodging
  1236 | D:2      | Reached skill level 1 in Stealth
  1236 | D:2      | Reached skill level 1 in Unarmed Combat
  1236 | D:2      | Reached skill level 1 in Spellcasting
  1236 | D:2      | Reached skill level 1 in Evocations
  1236 | D:2      | Reached XP level 4. HP: 23/41 MP: 5/5
  1848 | D:2      | Reached skill level 1 in Conjurations
  1848 | D:2      | Reached skill level 1 in Hexes
  1848 | D:2      | Reached skill level 1 in Summonings
  1848 | D:2      | Reached skill level 1 in Necromancy
  1848 | D:2      | Reached skill level 1 in Translocations
  1848 | D:2      | Reached skill level 1 in Transmutations
  1848 | D:2      | Reached skill level 1 in Fire Magic
  1848 | D:2      | Reached skill level 1 in Ice Magic
  1848 | D:2      | Reached skill level 1 in Air Magic
  1848 | D:2      | Reached skill level 1 in Earth Magic
  1848 | D:2      | Reached skill level 1 in Poison Magic
  1940 | D:3      | Reached XP level 5. HP: 28/47 MP: 5/7
  2253 | D:3      | Found an opulent altar of Gozag.
  2575 | D:3      | Noticed Jessica
  2579 | D:3      | Killed Jessica
  3264 | D:4      | Reached XP level 6. HP: 45/53 MP: 8/8
  3366 | D:4      | Noticed Natasha
  3378 | D:4      | Killed Natasha
  3493 | D:4      | Found a glowing silver altar of Zin.
  3706 | D:4      | Reached skill level 5 in Axes
  3891 | D:4      | Noticed Natasha
  3898 | D:4      | Killed Natasha
  3914 | D:5      | Entered Level 5 of the Dungeon
  3936 | D:5      | Reached XP level 7. HP: 58/59 MP: 10/10
  4391 | D:5      | You are sucked into a shaft and drop 3 floors!
  4397 | D:8      | Noticed a steam dragon
  4420 | D:8      | Reached XP level 8. HP: 34/67 MP: 12/12
  4434 | D:8      | Identified a scroll of acquirement
  4434 | D:8      | Acquired the ring of Samit {rElec rN++ Will+ Int+6 Dex-5}
  4524 | D:8      | HP: 2/67 [killer bee (6)]
  4524 | D:8      | Slain by a killer bee

Illustrated notes

Levels and vault maps discovered:
D:1:      heliophobic_arrival_dark_side_of_the_moon, layout_basic,
          ebering_ecumenical_altar_sacrificial
D:2:      minmay_skewed_foursquare, layout_rooms, item_on_display_a,
          uniq_terence
D:3:      layout_loops_cross, mainiacjoe_overflow_alcove_2, uniq_jessica
D:4:      layout_loops_corners, zin_scriptorium, lightli_minifort, uniq_natasha
D:5:      layout_loops_ring, minmay_statues_item
D:8:      layout_loops_ring, amcnicky_altar_gilded, lemuel_crystal_altar

Skill      XL: |  1  2  3  4  5  6  7  8 |
---------------+-------------------------+-----
Invocations    | 1 2 3 |  3.5
Short Blades   | 1 2 3 |  3.2
Long Blades    | 1 2 3 |  3.2
Maces & Flails | 1 2 3 |  3.2
Polearms       | 1 2 3 |  3.2
Staves         | 1 2 3 |  3.2
Slings         | 1 2 3 |  3.2
Bows           | 1 2 3 |  3.2
Crossbows      | 1 2 3 |  3.2
Throwing       | 1 2 3 |  3.2
Dodging        | 1 2 3 |  3.2
Stealth        | 1 2 3 |  3.2
Unarmed Combat | 1 2 3 |  3.2
Spellcasting   | 1 2 3 |  3.2
Evocations     | 1 2 3 |  3.2
Conjurations   | 1 2 |  2.6
Hexes          | 1 2 |  2.6
Summonings     | 1 2 |  2.6
Necromancy     | 1 2 |  2.6
Translocations | 1 2 |  2.6
Transmutations | 1 2 |  2.6
Fire Magic     | 1 2 |  2.6
Ice Magic      | 1 2 |  2.6
Air Magic      | 1 2 |  2.6
Earth Magic    | 1 2 |  2.6
Poison Magic   | 1 2 |  2.6
Axes           | 5 |  5.6
Fighting       | 7 |  7.3
Armour         | 7 |  7.3
Shields        | 7 |  7.3

Action                   |  1- 3 |  4- 6 |  7- 9 || total
-------------------------+-------+-------+-------++-------
Melee: War axe           |    82 |    58 |       ||   140
       Bite              |     9 |     9 |    11 ||    29
       Trident           |       |   111 |   157 ||   268
  Use: Potion            |       |     1 |     5 ||     6
       Scroll            |       |       |    12 ||    12
Armor: Scale mail        |    40 |    69 |    86 ||   195
Dodge: Dodged            |    28 |    65 |   107 ||   200
Block: Buckler           |    17 |    43 |    72 ||   132
